 Dungeon Crawl Stone Soup version 0.29.0-7-g18a832c13a (webtiles) character file.

Game seed: 2212996995965061722

64 fingers the Ruffian (level 3, -1/43 HPs)
             Began as a Draconian Transmuter on Aug 30, 2022.
             Slain by a goblin
             ... wielding a +0 dagger
             ... led by Robin
              (3 damage)
             ... on level 3 of the Dungeon.
             The game lasted 00:03:39 (2705 turns).

fingers the Ruffian (Draconian Transmuter)          Turns: 2705, Time: 00:03:40

Health: -1/43      AC: 21    Str: 14    XL:     3   Next: 91%
Magic:  4/6        EV:  2    Int: 13    God:
Gold:   106        SH:  0    Dex: 11    Spells: 2/6 levels left

rFire   . . .      SeeInvis .     - Unarmed
rCold   . . .      Faith    .   (no shield)
rNeg    . . .      Spirit   .   (body armour unavailable)
rPois   +          Reflect  .   (helmet currently unavailable)
rElec   .          Harm     .   (cloak currently unavailable)
rCorr   .          Rampage  .   (gloves currently unavailable)
Will    .....      NoTele   +   (boots currently unavailable)
Stlth   +.........              (no amulet)
HPRegen 0.14/turn               n - ring of wizardry
MPRegen 0.10/turn               (no ring)

@: tree-form
A: stationary, stasis, torment immunity, boosted hp, AC +5, unfitting armour,
(cold-blooded)
a: no special abilities


You were on level 3 of the Dungeon.
You were a tree.
You visited 1 branch of the dungeon, and saw 3 of its levels.

You collected 106 gold pieces.

Inventory:

Jewellery
 n - a ring of wizardry (left branch)
Scrolls
 d - a scroll of poison {unknown}
 e - a scroll of blinking {unknown}
 f - 2 scrolls of amnesia {unknown}
 g - a scroll of enchant armour {unknown}
 h - 3 scrolls of teleportation {unknown}
 i - 2 scrolls of noise {unknown}
 j - a scroll of torment {unknown}
 l - a scroll of enchant weapon {unknown}
 m - a scroll of fear {unknown}
 o - a scroll of identify {unknown}
Potions
 b - 2 potions of haste {unknown}
 c - a potion of degeneration {unknown}
 k - a potion of heal wounds {unknown}


   Skills:
 + Level 1.7 Fighting
 + Level 2.2 Dodging
 + Level 0.4 Stealth
 + Level 3.9 Unarmed Combat
 + Level 2.2 Spellcasting
 + Level 2.2 Transmutations


You had 2 spell levels left.
You knew the following spells:

 Your Spells              Type           Power      Damage    Failure   Level
a - Beastly Appendage     Tmut           14%        N/A       4%          1
b - Spider Form           Tmut/Pois      4%         N/A       19%         3

Your spell library contained the following spells:

 Spells                   Type           Power      Damage    Failure   Level
 Wereblood                Tmut           7%         N/A       6%          2
 Ice Form                 Ice/Tmut       4%         N/A       50%         4


Dungeon Overview and Level Annotations

Branches:
Dungeon (3/15)

Altars:

Annotations:
D:3 Robin


Innate Abilities, Weirdness & Mutations

You are a tree.
Your roots penetrate the ground, keeping you stationary.
You cannot be teleported.
You are immune to unholy pain and torment.
Your maximum health is greatly increased.
Your equipment is partially melded.
((Your plain brown scales are hard. (AC +5)))
You cannot fit into any form of body armour.
((You are cold-blooded and may be slowed by cold attacks.))


Message History

You hit the goblin but do no damage.
The goblin is poisoned.
You barely miss the goblin.
The goblin is moderately wounded.
You kill the goblin!
The goblin closely misses you. x2; The goblin shoots a sling bullet.
The sling bullet misses you.
Robin zaps a wand.
Some rock shatters into small pieces.
The goblin completely misses you. The goblin hits you with a +0 dagger.
You see here a +0 club.
You barely miss the goblin. The goblin hits you with a +0 club.
The goblin misses you.
You hit the goblin but do no damage.
Robin roars a battlecry!
The goblins go into a battle-frenzy!
The goblin hits you with a +0 club. The goblin barely misses you.
You barely miss the goblin. Robin throws the goblin at you!
The goblin hits you with a +0 dagger. The goblin closely misses you.
A goblin comes into view. It is wielding a +0 club.
The goblin closely misses you.
The goblin unwields a +0 sling.
The goblin wields a +0 dagger.
The goblin hits you with a +0 dagger.
* * * LOW HITPOINT WARNING * * *
You hit the goblin.
You kill the goblin!
Robin throws the goblin at you! The goblin hits you with a +0 dagger.
* * * LOW HITPOINT WARNING * * *
The goblin misses you. x2; The goblin completely misses you.
You barely miss the hobgoblin.
Robin flexes a bicep menacingly.
The goblin closely misses you. The hobgoblin completely misses you.
The goblin hits you with a +0 club.
* * * LOW HITPOINT WARNING * * *
The goblin completely misses you. x2; The goblin barely misses you.
Really quaff the potion of lignification?
Your transformation has ended.
You turn into a tree.
Your roots penetrate the ground.
Robin throws the goblin at you!
A goblin comes into view. It is wielding a +0 club.
The hobgoblin hits you but does no damage.
The goblin hits you but does no damage. The goblin hits you with a +0 dagger.
You die...

#..# .. #.## ..
#.##### #.
##.....#
#.##......##
#.#..#........
#.#.#.........
#.gg......#...
...###g♣g......#
..
..g.g.ggg.#....#
.
##.g...g..#....#
#.##.....#....#
.. ....##.#?...#
....... .# ###
..?.... ..
....##. ... ....
#! ..


You could see Robin, 2 hobgoblins and 8 goblins.

Vanquished Creatures
  2 adders (D:2)
  2 dart slugs
  2 bats
  4 endoplasms
  2 giant cockroaches
  3 hobgoblins
  3 kobolds (D:1)
  2 quokkas
  7 ball pythons
  3 frilled lizards (D:2)
  7 goblins
  3 rats
40 creatures vanquished.

Notes
Turn   | Place    | Note
-------+----------+-------------------------------------------
     0 | D:1      | fingers the Draconian Transmuter began the quest for the
                  | Orb.
     0 | D:1      | Reached XP level 1. HP: 16/16 MP: 3/3
   392 | D:1      | Reached XP level 2. HP: 19/23 MP: 5/5
  1264 | D:1      | Reached XP level 3. HP: 28/28 MP: 6/6
  1839 | D:2      | Learned a level 3 spell: Spider Form
  2695 | D:3      | Noticed Robin
  2704 | D:3      | HP: 1/29 [goblin/+0 club[Robin] (5)]
  2705 | D:3      | Slain by a goblin

Illustrated notes

Levels and vault maps discovered:
D:1:      lemuel_arrival_cross, layout_loops_ring, minmay_misc_feat_chi,
          minivault_14, st_stairs_10, hangedman_decor_points, nrook_mini_vaults
D:2:      layout_loops_cross, minmay_misc_feat_iff, minivault_26
D:3:      layout_rooms, minmay_misc_feat_secret_circle, uniq_robin

Skill      XL: |  1  2 |
---------------+-------+-----
Dodging        | 2 |  2.2
Fighting       | |  1.7
Stealth        | |  0.4
Unarmed Combat | |  3.9
Spellcasting   | |  2.2
Transmutations | |  2.2

Action                   || total
-------------------------++-------
Melee: Unarmed           ||   115
       Kick              ||     7
       Tailslap          ||     9
       Punch             ||     4
       Headbutt          ||     2
 Cast: Beastly Appendage ||     7
       Spider Form       ||     1
  Use: Potion            ||     1
 Stab: Sleeping          ||     1
Armor: Skin              ||    40
Dodge: Dodged            ||   109
